 Dungeon Crawl Stone Soup version 0.27-a0-1147-gb3d8e82157 (webtiles) character file.

Game seed: 1267072817670818671

25 kae the Skirmisher (level 2, -2/24 HPs)
             Began as a Demonspawn Fighter on May 11, 2021.
             Slain by an adder (4 damage)
             ... on level 1 of the Dungeon.
             The game lasted 00:00:26 (958 turns).

kae the Skirmisher (Demonspawn Fighter)              Turns: 958, Time: 00:00:27

Health: -2/24      AC:  6    Str: 16    XL:     2   Next: 82%
Magic:  2/2        EV:  6    Int:  9    God:
Gold:   76         SH:  8    Dex: 12    Spells: 1/1 levels left

rFire    . . .     SeeInvis .   a - +0 long sword
rCold    . . .     Faith    .   c - +0 kite shield
rNeg     . . .     Spirit   .   b - +0 scale mail
rPois    .         Reflect  .   (no helmet)
rElec    .         Harm     .   (no cloak)
rCorr    .         Rampage  .   (no gloves)
Will     .....                  (no boots)
Stlth    ..........             (no amulet)
HPRegen  0.08/turn              (no ring)
MPRegen  0.08/turn              (no ring)

@: very slightly contaminated, invisible
A: powered by death 1
a: no special abilities


You were on level 1 of the Dungeon.
You visited 1 branch of the dungeon, and saw 2 of its levels.

You collected 76 gold pieces.

Inventory:

Hand Weapons
 a - a +0 long sword (weapon)
Armour
 b - a +0 scale mail (worn)
 c - a +0 kite shield (worn)
Jewellery
 h - a ring of flight
Scrolls
 f - a scroll of magic mapping
 j - a scroll of identify {unknown}
Potions
 d - a potion of might
 g - 2 potions of degeneration {unknown}
 i - a potion of flight {unknown}


   Skills:
 + Level 3.3 Fighting
 * Level 2.7 Long Blades
 - Level 2.6 Armour
 - Level 2.6 Shields


You had one spell level left.
You didn't know any spells.
Your spell library contained the following spells:

 Spells                   Type           Power      Damage    Failure   Level
 Magic Dart               Conj           0%         1d3       100%        1
 Blink                    Tloc           N/A        N/A       100%        2
 Call Imp                 Summ           0%         N/A       100%        2
 Slow                     Hex            0%         N/A       100%        2
 Conjure Flame            Conj/Fire      0%         6-21      100%        3
 Mephitic Cloud           Conj/Pois/Air  0%         N/A       100%        3


Dungeon Overview and Level Annotations

Branches:
Dungeon (2/15)

Altars:


Innate Abilities, Weirdness & Mutations

You regenerate a little health from kills.


Message History

You closely miss the adder.
You feel sick. The adder bites you. The hobgoblin hits you.
* * * LOW HITPOINT WARNING * * *
The adder closely misses you.
An adder comes into view.
You hit the hobgoblin but do no damage.
The hobgoblin is almost dead.
You feel sick. The adder bites you but does no damage.
You block the hobgoblin's attack.
The adder bites you but does no damage. x2
You block the hobgoblin's attack.
It was a potion of invisibility.
You fade into invisibility!
You feel sick. You block the adder's attack. The adder completely misses you.
The hobgoblin hits you but does no damage.
You are very lightly contaminated with residual magic.
You feel sick.
You are no longer poisoned.
The adder closely misses you. You block the adder's attack.
The adder barely misses you.
You riposte.
You strike the helpless adder from behind!
You hit the adder.
The adder is lightly wounded.
You see here a +0 ring mail.
You block the adder's attack.
An endoplasm comes into view.
The endoplasm quivers.
The adder bites you.
* * * LOW HITPOINT WARNING * * *
The endoplasm hits you but does no damage.
Found 8 gold pieces.
There is a stone staircase leading up here.
The adder barely misses you. The endoplasm barely misses you.
You climb upwards.
There is a stone staircase leading down here.
You closely miss the adder. You block the adder's attack. The adder bites you.
* * * LOW HITPOINT WARNING * * *
The adder bites you but does no damage.
You closely miss the adder. The adder barely misses you. The adder bites you.
You die...

......# ......#
......# ......#
......# .###..#
......##
..)....###########
.......'......JS@#
.##....#######.###
.......# #.#
.......# #.#
.......# #.######
######## #......#
# ######.# # #.# #
#.#


You could see an adder and an endoplasm.

Vanquished Creatures
  2 bats (D:1)
  6 endoplasms
  3 goblins (D:1)
  2 hobgoblins (D:2)
  5 kobolds
  A quokka (D:1)
  2 ball pythons (D:1)
  A rat (D:1)
22 creatures vanquished.

Notes
Turn   | Place    | Note
-------+----------+-------------------------------------------
     0 | D:1      | kae the Demonspawn Fighter began the quest for the Orb.
     0 | D:1      | Reached XP level 1. HP: 18/18 MP: 1/1
   158 | D:1      | Gained mutation: You regenerate a little health from kills.
                  | [demonic ancestry]
   158 | D:1      | Reached XP level 2. HP: 21/24 MP: 2/2
   356 | D:1      | Found a faded altar of an unknown god.
   958 | D:1      | Slain by an adder

Illustrated notes

Levels and vault maps discovered:
D:1:      minmay_arrival_glassed_features, layout_basic,
          hellmonk_ecumenical_altar_lost_god
D:2:      layout_basic

Skill      XL: |  1 |
---------------+----+-----
Long Blades    | 2 |  2.7
Fighting       | |  3.3
Armour         | |  2.6
Shields        | |  2.6

Action                   || total
-------------------------++-------
Melee: Long sword        ||    53
  Use: Scroll            ||     2
       Potion            ||     1
 Stab: Invisible         ||     1
Armor: Scale mail        ||    40
Dodge: Dodged            ||    28
Block: Kite shield       ||    28
       Rpst.: Long sword ||    11

Table legend: (Time is in decaauts)
 A = Elapsed time spent in this place.
 B = Non-inter-level travel time spent in this place.
 C = Inter-level travel time spent in this place.
 D = Time resting spent in this place.
 E = Time spent auto-exploring this place.
 F = Levels seen in this place.
 G = Mean time per level.
                   A        B        C        D        E       F      G
               +--------+--------+--------+--------+--------+-----+--------+
         Total |    986 |    954 |     32 |      0 |    785 |   2 |  493.0 |
       Dungeon |    986 |    954 |     32 |      0 |    785 |   2 |  493.0 |
               +--------+--------+--------+--------+--------+-----+--------+

Top non-repeatable levels by time:
     D:1: 804 daAuts
     D:2: 182 daAuts
